 Dungeon Crawl Stone Soup version 0.32-a0-921-g04a7ad8e02 (webtiles) character file.

Game seed: 2645317430673757179

2763 Autsider the Magician (level 9, 0/68 HPs)
             Began as a Gnoll Wanderer on Apr 10, 2024.
             Was a Priest of Cheibriados.
             Slain by a troll (11 damage)
             ... on level 8 of the Dungeon on Apr 11, 2024.
             The game lasted 00:33:31 (9546 turns).

Autsider the Magician (Gnoll Wanderer)              Turns: 9546, Time: 00:33:31

Health: 0/68       AC:  6    Str: 21    XL:     9   Next: 69%
Magic:  16/19      EV: 12    Int: 28    God:    Cheibriados [***...]
Gold:   429        SH: 12    Dex: 17    Spells: 17/21 levels left

rFire   + . .        F - +0 whip (venom)
rCold   . . .        A - +2 buckler
rNeg    . . .        C - +0 ring mail {rF+}
rPois   .            (no helmet)
rElec   .            (no cloak)
rCorr   .            (no gloves)
SInv    +            (no boots)
Will    .....        k - amulet of reflection
Stlth   ++           I - ring of see invisible
HPRegen 0.31/turn    K - +6 ring of intelligence
MPRegen 0.16/turn

%: reflection
@: unable to call your familiar, very slow
A: fangs 1, strong nose, distributed training
a: Renounce Religion, Bend Time, Temporal Distortion


You were on level 8 of the Dungeon.
You worshipped Cheibriados.
Cheibriados was most pleased with you.
You visited 1 branch of the dungeon, and saw 8 of its levels.

You collected 429 gold pieces.

Inventory:

Hand Weapons
 t - a +0 sling
 w - a +2 short sword of freezing
 E - a +3 whip
 F - a +0 whip of venom (weapon)
 G - a +4 glaive
Missiles
 n - 6 atropa-tipped darts
 r - 5 poisoned darts
 s - 56 stones
 J - 2 darts of dispersal
Armour
 c - a +1 robe of willpower
 A - a +2 buckler (worn)
 B - an orb of light
 C - a +0 ring mail of fire resistance (worn)
Magical Staves
 O - a staff of fire
Jewellery
 k - an amulet of reflection (around neck)
 u - an amulet of faith
 H - an amulet of magic regeneration
 I - a ring of see invisible (left hand)
 K - a +6 ring of intelligence (right hand)
 L - a ring of protection from cold
Wands
 x - a wand of paralysis (25)
 y - a wand of mindburst (5)
 N - a wand of flame (25)
 P - a wand of iceblast (8)
Scrolls
 e - a scroll of enchant weapon
 h - 2 scrolls of fear {unknown}
 l - 2 scrolls of amnesia {unknown}
 m - a scroll of noise {unknown}
 o - 2 scrolls of poison {unknown}
 q - 3 scrolls of teleportation
 D - 2 scrolls of blinking {unknown}
 M - 2 scrolls of revelation {unknown}
Potions
 a - a potion of berserk rage {unknown}
 b - a potion of resistance {unknown}
 d - a potion of enlightenment
 f - a potion of brilliance {unknown}
 g - 2 potions of invisibility {unknown}
 i - 2 potions of might {unknown}
 j - 3 potions of mutation
 p - a potion of attraction {unknown}
 v - 3 potions of curing {@q1}
 z - 2 potions of degeneration


   Skills:
 + Level 5.4 Fighting
 + Level 4.6 Short Blades
 + Level 4.6 Long Blades
 + Level 4.6 Axes
 + Level 4.6 Maces & Flails
 + Level 4.6 Polearms
 + Level 4.6 Staves
 + Level 4.6 Ranged Weapons
 + Level 5.4 Throwing
 + Level 5.4 Armour
 + Level 4.6 Dodging
 + Level 4.6 Stealth
 + Level 4.6 Shields
 + Level 4.6 Unarmed Combat
 + Level 6.9 Spellcasting
 + Level 3.8 Conjurations
 + Level 3.8 Hexes
 + Level 6.7 Summonings
 + Level 3.8 Necromancy
 + Level 3.8 Translocations
 + Level 3.8 Fire Magic
 + Level 3.8 Ice Magic
 + Level 5.5 Air Magic
 + Level 3.8 Earth Magic
 + Level 3.8 Alchemy
 + Level 5.1 Invocations
 + Level 4.6 Evocations
 + Level 4.2 Shapeshifting


You had 17 spell levels left.
You knew the following spells:

 Your Spells              Type           Power      Damage    Failure   Level
a - Call Canine Familiar  Summ           47%        N/A       1%          3
x - Summon Small Mammal   Summ           100%       N/A       1%          1

Your spell library contained the following spells:

 Spells                   Type           Power      Damage    Failure   Level
 Call Imp                 Summ           94%        N/A       1%          2
 Slow                     Hex            100%       N/A       2%          1
 Mercury Vapours          Alch/Air       72%        N/A       2%          2
 Static Discharge         Conj/Air       72%        3-6/arc   2%          2
 Confusing Touch          Hex            31%        N/A       6%          3
 Vampiric Draining        Necr           31%        2d8       6%          3


Dungeon Overview and Level Annotations

Branches:
Dungeon (8/15)             Temple (0/1) D:7
   Lair: D:8-11

Altars:
Cheibriados
Dithmenos
Hepliaklqana
Nemelex Xobeh
Okawaru
Trog
Vehumet

Shops:
D:1 [   D:3 !   D:8 :

Annotations:
D:3 1 runed translucent door, Crazy Yiuf
D:4 exclusion: 2 downstairs
D:7 exclusion: 2 downstairs
D:8 Jeremiah


Innate Abilities, Weirdness & Mutations

You have very sharp teeth.
Your uncanny sense of smell can sniff out nearby items.
Your experience applies equally to all skills.


Message History

You hit the troll but do no damage.
The troll is poisoned.
The troll bites you but does no damage. The troll closely misses you.
The troll barely misses you.
Casting: Summon Small Mammal (safe; 1% risk of failure)
Confirm with . or Enter, or press ? or * to list all spells.
You call for your canine familiar and it appears with a howl!
The troll misses you.
The troll claws you but does no damage. x2
The troll completely misses you. You block the troll's attack. x2
Your inugami hits the troll but does no damage.
The troll bites your inugami. The troll claws your inugami. x2
Your inugami hits the troll.
The troll barely misses your inugami. x2; The troll claws your inugami.
Your inugami hits the troll.
The troll bites your inugami but does no damage.
The troll misses your inugami.
The troll claws your inugami but does no damage.
Your inugami barely misses the troll.
The troll barely misses your inugami. The troll closely misses your inugami.
The troll barely misses your inugami.
Your inugami hits the troll. The troll misses your inugami.
The troll claws your inugami!
Your inugami dies!
Your inugami disappears in a puff of smoke!
Casting: Call Canine Familiar (safe; 1% risk of failure)
Confirm with . or Enter, or press ? or * to list all spells.
Your quokka bites the troll but does no damage.
The troll bites your quokka!
Your quokka dies!
Your quokka's corpse disappears in a puff of smoke!
Aiming: Mindburst
Press: ? - help, Shift-Dir - straight line, f - troll
Aim: a troll (moderately wounded, poisoned, chance to affect: 81%)
The troll's mind is blasted!!
The troll looks more healthy.
You block the troll's attack. x2; The troll claws you.
* * * LOW HITPOINT WARNING * * *
Aiming: Mindburst
Press: ? - help, Shift-Dir - straight line, f/p - troll
Aim: a troll (severely wounded, chance to affect: 81%)
The troll barely resists.
The troll bites you!
You die...
Cheibriados appreciates the motionlessness of death.

#################### #.#
##########.######
#....T..........# ######
#.#############.## .....# #.# #..#
.....# #.# ##.# .<...# #.# ####.#
.....# #T###########....# .....#
#@...............# .....#
#...###.###.#.#..# .)...###
##.#...#.#...#.#..# .......#
#....###.###.###..#
.......########รท...............)#
...........)).............).....#
.......########....###.###.#.#..#
######## #[...# #...#.#.#..#
####.# #.###.###..#


You could see a troll.

Vanquished Creatures
  Grum (D:8)
  A steam dragon (D:8)
  An orc warrior (D:8)
  An ice beast (D:4)
  An ogre (D:5)
  A wolf (D:8)
  A centaur (D:6)
  2 bullfrogs
  A gnoll sergeant (D:6)
  A gnoll bouda (D:5)
  4 hounds
  A jelly (D:5)
  An orc priest (D:6)
  Jessica (D:2)
  3 iguanas
  3 orc wizards
  A nameless horror (D:4)
  5 adders
  3 gnolls (D:6)
  2 shadow imps
  3 white imps
  An ufetubus (D:5)
  3 dart slugs
  17 orcs
  5 endoplasms
  2 giant cockroaches (D:3)
  2 goblins
  6 hobgoblins
  4 jackals
  A quokka (D:3)
  6 ball pythons
  2 bats (D:3)
  4 frilled lizards
  3 kobolds
  2 rats
96 creatures vanquished.

Vanquished Creatures (collateral kills)
  Sigmund (D:5)
  A water moccasin (D:6)
  A sky beast (D:7)
  2 wolves (D:8)
  A bullfrog (D:8)
  A scorpion (D:4)
  2 howler monkeys (D:8)
  A bombardier beetle (D:3)
  A hound (D:5)
  A jelly (D:4)
  3 orc priests
  A sleepcap (D:4)
  A gnoll bouda (D:5)
  An iguana (D:8)
  6 orc wizards
  10 gnolls
  2 adders (D:5)
  2 white imps
  An ufetubus (D:5)
  10 orcs
  A ball python (D:4)
  An endoplasm (D:1)
  A giant cockroach (D:1)
  3 goblins
  A hobgoblin (D:4)
  4 jackals
  3 quokkas
  A bat (D:1)
  A kobold (D:4)
  A rat (D:3)
66 creatures vanquished.

Grand Total: 162 creatures vanquished

Notes
Turn   | Place    | Note
-------+----------+-------------------------------------------
     0 | D:1      | Autsider the Gnoll Wanderer began the quest for the Orb.
     0 | D:1      | Autsider set off with the following items: a +0 club, a
                  | potion of curing {@q1}, a +0 ring mail; and the following
                  | spell memorised: Summon Small Mammal; and the following
                  | spells available to memorise: Call Imp, Call Canine
                  | Familiar, Mercury Vapours, Static Discharge.
     0 | D:1      | Reached XP level 1. HP: 17/17 MP: 6/6
   135 | D:1      | Reached XP level 2. HP: 20/23 MP: 4/7
   270 | D:1      | Found a faded altar of an unknown god.
   381 | D:1      | Found Piliz's Armour Boutique.
   790 | D:2      | Reached skill level 5 in Spellcasting
   790 | D:2      | Reached XP level 3. HP: 16/28 MP: 5/9
   985 | D:2      | Noticed Jessica
  1005 | D:2      | Killed Jessica
  1006 | D:2      | Reached skill level 1 in Short Blades
  1006 | D:2      | Reached skill level 1 in Long Blades
  1006 | D:2      | Reached skill level 1 in Axes
  1006 | D:2      | Reached skill level 1 in Maces & Flails
  1006 | D:2      | Reached skill level 1 in Polearms
  1006 | D:2      | Reached skill level 1 in Staves
  1006 | D:2      | Reached skill level 1 in Ranged Weapons
  1006 | D:2      | Reached skill level 1 in Dodging
  1006 | D:2      | Reached skill level 1 in Stealth
  1006 | D:2      | Reached skill level 1 in Shields
  1006 | D:2      | Reached skill level 1 in Unarmed Combat
  1006 | D:2      | Reached skill level 1 in Invocations
  1006 | D:2      | Reached skill level 1 in Evocations
  1008 | D:2      | Reached skill level 1 in Shapeshifting
  1008 | D:2      | Reached XP level 4. HP: 21/34 MP: 11/11
  1187 | D:2      | Reached skill level 1 in Conjurations
  1187 | D:2      | Reached skill level 1 in Hexes
  1187 | D:2      | Reached skill level 1 in Necromancy
  1187 | D:2      | Reached skill level 1 in Translocations
  1187 | D:2      | Reached skill level 1 in Fire Magic
  1187 | D:2      | Reached skill level 1 in Ice Magic
  1187 | D:2      | Reached skill level 1 in Earth Magic
  1187 | D:2      | Reached skill level 1 in Alchemy
  1725 | D:3      | Found an iron altar of Okawaru.
  1853 | D:3      | HP: 1/34 [burnt (4)]
  2019 | D:3      | Learned a level 3 spell: Call Canine Familiar
  2039 | D:3      | Found Zidduet's Distillery.
  2166 | D:3      | Found a runed translucent door.
  2167 | D:3      | Noticed Crazy Yiuf
  2556 | D:3      | Reached XP level 5. HP: 40/40 MP: 7/12
  2817 | D:3      | Identified the +3 scale mail of Yciaquz {Int+6}
  3032 | D:4      | Found a shadowy altar of Dithmenos.
  3726 | D:4      | Reached XP level 6. HP: 47/47 MP: 5/14
  4430 | D:5      | Entered Level 5 of the Dungeon
  4446 | D:5      | Noticed Sigmund
  4519 | D:5      | Found a snail-covered altar of Cheibriados.
  4521 | D:5      | Found a radiant altar of Vehumet.
  4524 | D:5      | Found a hazy altar of Hepliaklqana.
  4527 | D:5      | Became a worshipper of Cheibriados the Contemplative
  4899 | D:4      | Reached XP level 7. HP: 22/52 MP: 11/15
  5506 | D:5      | Reached * piety under Cheibriados
  5638 | D:5      | Killed Sigmund
  5678 | D:5      | Reached XP level 8. HP: 60/60 MP: 10/16
  6787 | D:6      | Reached ** piety under Cheibriados
  6872 | D:6      | Found a sparkling altar of Nemelex Xobeh.
  6904 | D:6      | Reached skill level 5 in Air Magic
  6942 | D:6      | Found a bloodstained altar of Trog.
  7685 | D:7      | Found a staircase to the Ecumenical Temple.
  7707 | D:7      | Reached XP level 9. HP: 66/66 MP: 18/18
  8329 | D:8      | Upgraded the game from 0.32-a0-918-g0f22ef8d61 to
                  | 0.32-a0-921-g04a7ad8e02
  8385 | D:8      | Found Akloutil's Book Emporium.
  8484 | D:8      | Reached skill level 5 in Fighting
  8484 | D:8      | Reached skill level 5 in Throwing
  8484 | D:8      | Reached skill level 5 in Armour
  8508 | D:8      | Noticed Jeremiah
  8860 | D:8      | Noticed Grum
  8878 | D:8      | Killed Grum
  8878 | D:8      | Reached *** piety under Cheibriados
  8928 | D:8      | Reached skill level 5 in Invocations
  9016 | D:8      | Noticed a troll
  9546 | D:8      | Slain by a troll

Illustrated notes

Levels and vault maps discovered:
D:1:      minmay_arrival_wavy_path, layout_basic,
          shapermc_ecumenical_altar_pompeii, serial_shops,
          nicolae_shop_waterfront, minivault_25, st_stairs_5
D:2:      layout_loops_ring, serial_bayou_lagoon_b, uniq_jessica
D:3:      layout_basic, mainiacjoe_overflow_boulevard, serial_shops,
          nicolae_shop_tiny_glass, uniq_crazy_yiuf_cottage
D:4:      wad_crossroads, layout_gridville, mainiacjoe_overflow_catwalk
D:5:      layout_loops_cross, minitemple, chequers_garden, grunt_ministairs_15,
          grunt_decor_clamped, uniq_sigmund
D:6:      layout_loops_ring, mainiacjoe_overflow_catch_the_wave
D:7:      layout_cave_pools, minmay_temple_entry_purple_smoke
D:8:      layout_basic, david_lair_shrubbed, serial_shops, shop,
          nicolae_shop_behind_doors, nicolae_shop_stone,
          nicolae_shop_real_fake_doors, nicolae_shop_just_a_little_nook,
          minmay_misc_feat_hallway, minmay_misc_feat_nine_boxes, uniq_jeremiah,
          uniq_grum

Skill      XL: |  1  2  3  4  5  6  7  8  9 |
---------------+----------------------------+-----
Spellcasting   | 5 6 |  6.9
Short Blades   | 1 2 3 4 |  4.6
Long Blades    | 1 2 3 4 |  4.6
Axes           | 1 2 3 4 |  4.6
Maces & Flails | 1 2 3 4 |  4.6
Polearms       | 1 2 3 4 |  4.6
Staves         | 1 2 3 4 |  4.6
Ranged Weapons | 1 2 3 4 |  4.6
Dodging        | 1 2 3 4 |  4.6
Stealth        | 1 2 3 4 |  4.6
Shields        | 1 2 3 4 |  4.6
Unarmed Combat | 1 2 3 4 |  4.6
Invocations    | 1 2 3 4 5 |  5.1
Evocations     | 1 2 3 4 |  4.6
Shapeshifting  | 1 2 3 4 |  4.2
Conjurations   | 1 2 3 |  3.8
Hexes          | 1 2 3 |  3.8
Necromancy     | 1 2 3 |  3.8
Translocations | 1 2 3 |  3.8
Fire Magic     | 1 2 3 |  3.8
Ice Magic      | 1 2 3 |  3.8
Earth Magic    | 1 2 3 |  3.8
Alchemy        | 1 2 3 |  3.8
Fighting       | 3 4 5 |  5.4
Throwing       | 3 4 5 |  5.4
Armour         | 3 4 5 |  5.4
Air Magic      | 4 5 |  5.5
Summonings     | 6 |  6.7

Action                     |  1- 3 |  4- 6 |  7- 9 || total
---------------------------+-------+-------+-------++-------
  Melee: Club              |   118 |    88 |       ||   206
         Bite              |     8 |    17 |    33 ||    58
         Short sword       |       |    78 |    68 ||   146
         Whip              |       |       |   145 ||   145
   Fire: Sling             |       |   100 |       ||   100
   Cast: Summon Small Mamm |    11 |     9 |     9 ||    29
         Call Canine Famil |       |    19 |    49 ||    68
  Evoke: Wand              |       |       |     2 ||     2
    Use: Scroll            |     1 |       |     4 ||     5
         Potion            |       |     3 |     1 ||     4
   Stab: Distracted        |       |     1 |       ||     1
 Armour: Ring mail         |   117 |   194 |   152 ||   463
  Dodge: Dodged            |    62 |   119 |    90 ||   271
  Block: Other             |     4 |    33 |       ||    37
         Reflection        |       |     5 |     4 ||     9
         Buckler           |       |    90 |   148 ||   238

Table legend: (Time is in decaauts)
 A = Elapsed time spent in this place.
 B = Non-inter-level travel time spent in this place.
 C = Inter-level travel time spent in this place.
 D = Time resting spent in this place.
 E = Time spent auto-exploring this place.
 F = Levels seen in this place.
 G = Mean time per level.
                   A        B        C        D        E       F      G
               +--------+--------+--------+--------+--------+-----+--------+
         Total |  10812 |   9854 |    958 |   1250 |   6180 |   8 | 1351.5 |
       Dungeon |  10812 |   9854 |    958 |   1250 |   6180 |   8 | 1351.5 |
               +--------+--------+--------+--------+--------+-----+--------+

Top non-repeatable levels by time:
     D:4: 2144 daAuts
     D:5: 1702 daAuts
     D:6: 1619 daAuts
     D:3: 1284 daAuts
     D:7: 1197 daAuts
     D:8: 1105 daAuts
     D:2: 1072 daAuts
     D:1: 686 daAuts
